 Dungeon Sprint DCSS version 0.31-a0-348-g810772c3d7 (webtiles) character file.

Game seed: 6217750657285600271

31710 Conn the Eclecticist (level 13, -9/79 HPs)
             Began as an Octopode Fire Elementalist on July 23, 2023.
             Was the Champion of Sif Muna.
             Killed by arc of chain lightning (11 damage)
             ... in the Dungeon (Sprint III: "The Ten Rune Challenge").
             The game lasted 00:40:13 (5205 turns).

Conn the Eclecticist (Octopode Fire Elementalist)   Turns: 5205, Time: 00:40:13

Health: -9/79      AC:  2    Str: 16    XL:     13   Next: 59%
Magic:  3/36       EV: 15    Int: 23    God:    Sif Muna [******]
Gold:   1792       SH:  0    Dex: 12    Spells: 3/51 levels left

rFire   + . .        h - staff of cold
rCold   + . .        (no shield)
rNeg    + . .        c - +1 hat {Will+}
rPois   .            (no amulet)
rElec   +            g - ring of Linearity {Wiz Str+3 SInv Stlth+}
rCorr   +            o - ring of Fofinn {Fly rElec rCorr Stlth+}
SInv    +            p - ring of Hulats {rN+ Str+6 Slay+3}
Will    ++...        (no ring)
Stlth   +++++++      (no ring)
HPRegen 0.33/turn    (no ring)
MPRegen 0.25/turn    (no ring)
                     (no ring)

%: no teleportation, wizardry (x1)
@: flying, studying Fighting
A: almost no armour, amphibious, 8 rings, camouflage 1, gelatinous body 1,
nimble swimmer 1, tentacles, fire resistance 1, strong-willed 1, wild magic 1
a: Renounce Religion, Channel Magic, Forget Spell, Divine Exegesis


You were in the Dungeon.
You worshipped Sif Muna.
Sif Muna was exalted by your worship.
You visited 1 branch You collected 1792 gold pieces.

Inventory:

Hand Weapons
 d - a +0 dagger of flaming
 f - a +2 long sword of protection
 m - a +0 dagger
Missiles
 u - 2 throwing nets
Armour
 c - a +1 hat of willpower (worn)
Magical Staves
 h - a staff of cold (weapon)
 r - the staff "Qydisec" {rF+ rN+ Necro}
   (You found it in the Dungeon)

   [staff of death]

   Base accuracy: +5 Base damage: 5 Base attack delay: 1.2 This weapon's minimum
   attack delay (0.6) is reached at skill level 12.
   rF:        It protects you from fire.
   rN:        It protects you from negative energy.
   Necro:     It increases the power of your Necromancy spells.
   It falls into the 'Staves' category.
   It is a one-tentacled weapon.
Jewellery
 g - the ring of Linearity (left tentacle) {Wiz Str+3 SInv Stlth+}
   (You took it off a deep elf blademaster in the Dungeon)

   [ring of wizardry]

   It improves your spell success rate.
   Str:       It affects your strength (+3).
   SInv:      It lets you see invisible.
   Stlth:     It makes you more stealthy.
 o - the ring of Fofinn (right tentacle) {Fly rElec rCorr Stlth+}
   (You found it in the Dungeon)

   [ring of resist corrosion]

   rElec:     It insulates you from electricity.
   Fly:       It grants you flight.
   rCorr:     It protects you from acid and corrosion.
   Stlth:     It makes you more stealthy.
 p - the ring of Hulats (on tentacle) {rN+ Str+6 Slay+3}
   (You found it in the Dungeon)

   [ring of strength]

   Str:       It affects your strength (+6).
   Slay:      It affects your accuracy & damage with ranged weapons and melee
   (+3).
   rN:        It protects you from negative energy.
 w - an amulet of the acrobat
 y - a ring of positive energy
Wands
 j - a wand of flame (9)
 x - a wand of quicksilver (9)
Scrolls
 k - a scroll of immolation
 n - 4 scrolls of amnesia
 t - a scroll of revelation
Potions
 a - 3 potions of magic
 b - a potion of curing
 e - 3 potions of mutation
 l - 2 potions of enlightenment
 v - a potion of attraction {unknown}
 z - a potion of cancellation {unknown}
 A - a potion of lignification {unknown}
Miscellaneous
 q - a lightning rod (4/4)


   Skills:
 + Level 3.7 Fighting
 + Level 0.8 Short Blades
 + Level 6.1 Dodging
 - Level 6.6 Stealth
 + Level 3.5 Unarmed Combat
 + Level 19.7 Spellcasting
 * Level 15.4 Conjurations
 + Level 5.6 Hexes
 + Level 17.5 Fire Magic
 + Level 5.6 Ice Magic
 + Level 6.4 Air Magic
 - Level 2.2 Poison Magic
 * Level 12.8 Invocations
 + Level 1.9 Evocations


You had 3 spell levels left.
You knew the following spells:

 Your Spells              Type           Power      Damage    Failure   Level
a - Foxfire               Conj/Fire      100%       2x1d9     1%          1
b - Scorch                Fire           100%       2d9       1%          2
c - Inner Flame           Hex/Fire       100%       N/A       1%          3
d - Flame Wave            Conj/Fire      100%       2d21      1%          4
e - Starburst             Conj/Fire      63%        6d17      1%          6
f - Stone Arrow           Conj/Erth      100%       3d13      1%          3
g - Fireball              Conj/Fire      63%        3d24      1%          5
h - Hailstorm             Conj/Ice       100%       3d20      1%          3
i - Orb of Destruction    Conj           63%        9d15      2%          7
j - Mephitic Cloud        Conj/Pois/Air  100%       N/A       1%          3
k - Plasma Beam           Fire/Air       60%        2x1d76    1%          6
l - Metabolic Englaciati  Hex/Ice        66%        N/A       4%          5

Your spell library contained the following spells:

 Spells                   Type           Power      Damage    Failure   Level
 Dazzling Flash           Conj/Hex       100%       N/A       1%          3
 Frozen Ramparts          Ice            100%       1d16      1%          3
 Gell's Gravitas          Tloc           98%        N/A       4%          3
 Hailstorm                Conj/Ice       100%       3d20      1%          3
 Inner Flame              Hex/Fire       100%       N/A       1%          3
 Mephitic Cloud           Conj/Pois/Air  100%       N/A       1%          3
 Portal Projectile        Hex/Tloc       100%       N/A       1%          3
 Stone Arrow              Conj/Erth      100%       3d13      1%          3
 Swiftness                Air            100%       N/A       1%          3
 Tukima's Dance           Hex            100%       N/A       1%          3
 Vampiric Draining        Necr           98%        2d13      4%          3
 Volatile Blastmotes      Fire/Tloc      100%       2d18      1%          3
 Cigotuvi's Dreadful Rot  Necr/Pois/Air  100%       N/A       1%          2
 Ensorcelled Hibernation  Hex/Ice        100%       N/A       1%          2
 Momentum Strike          Conj/Tloc      100%       3d10      1%          2
 Poisonous Vapours        Pois/Air       100%       N/A       1%          2
 Scorch                   Fire           100%       2d9       1%          2
 Searing Ray              Conj           100%       2d8       1%          2
 Static Discharge         Conj/Air       100%       2-7/arc   1%          2
 Sublimation of Blood     Necr           98%        N/A       2%          2
 Foxfire                  Conj/Fire      100%       2x1d9     1%          1
 Kiss of Death            Conj/Necr      100%       2d13      1%          1
 Magic Dart               Conj           100%       1d8       1%          1
 Necrotise                Necr           100%       1d9       1%          1
 Shock                    Conj/Air       100%       1d9       1%          1
 Slow                     Hex            100%       N/A       1%          1
 Chain Lightning          Conj/Air       59%        3d79      100%        9
 Dragon's Call            Summ           49%        N/A       100%        9
 Fire Storm               Conj/Fire      63%        8d16      71%         9
 Shatter                  Erth           49%        3d37*     100%        9
 Discord                  Hex            54%        N/A       99%         8
 Infestation              Necr           49%        N/A       100%        8
 Lehudib's Crystal Spear  Conj/Erth      56%        10d13     93%         8
 Enfeeble                 Hex            54%        N/A       61%         7
 Haunt                    Necr/Summ      49%        N/A       99%         7
 Orb of Destruction       Conj           63%        9d15      2%          7
 Spellforged Servitor     Conj/Summ      56%        N/A       34%         7
 Conjure Ball Lightning   Conj/Air       59%        3x3d21    2%          6
 Eringya's Noxious Bog    Tmut/Pois      50%        4d6       65%         6
 Leda's Unmaking          Conj/Erth      56%        9d9       9%          6
 Plasma Beam              Fire/Air       60%        2x1d76    1%          6
 Starburst                Conj/Fire      63%        6d17      1%          6
 Agony                    Necr           98%        N/A       28%         5
 Alistair's Intoxication  Tmut/Pois      66%        N/A       21%         5
 Arcjolt                  Conj/Air       59%        1d69      1%          5
 Borgnjor's Vile Clutch   Necr/Erth      49%        N/A       28%         5
 Fireball                 Conj/Fire      63%        3d24      1%          5
 Freezing Cloud           Conj/Ice/Air   70%        6-21      1%          5
 Irradiate                Conj/Tmut      56%        3d30      1%          5
 Iskenderun's Battlesphe  Conj           100%       2d15      1%          5
 Metabolic Englaciation   Hex/Ice        66%        N/A       4%          5
 Yara's Violent Unravell  Hex/Tmut       52%        3d20      11%         5
 Airstrike                Air            55%        2d(8-24)  1%          4
 Anguish                  Hex/Necr       52%        N/A       4%          4
 Cause Fear               Hex            54%        N/A       1%          4
 Flame Wave               Conj/Fire      100%       2d21      1%          4
 Fulminant Prism          Conj/Hex       59%        3d25      1%          4
 Leda's Liquefaction      Hex/Erth       52%        N/A       4%          4
 Passage of Golubria      Tloc           98%        N/A       12%         4
 Petrify                  Tmut/Erth      98%        N/A       12%         4
 Sticky Flame             Conj/Fire      100%       2d11      1%          4
 Summon Lightning Spire   Summ/Air       100%       N/A       3%          4


Dungeon Overview and Level Annotations

Branches:
Dungeon (1/1)

Altars:
Cheibriados
Dithmenos
Elyvilon
Fedhas
Gozag
Hepliaklqana
Kikubaaqudgha
Makhleb
Nemelex Xobeh
Okawaru
Qazlal
Ru
Sif Muna
Trog
Uskayaw
Vehumet
Wu Jian
Xom
Yredelemnul
Zin
The Shining One
Jiyva
Lugonu

Shops:
D [=?(

Annotations:
D Xtahua


Innate Abilities, Weirdness & Mutations

You cannot wear most types of armour.
You are amphibious.
You can wear up to eight rings at the same time.
Your skin changes colour to match your surroundings (Stealth+).
Your rubbery body absorbs attacks. (AC +1, EV +1)
You are camouflaged when in or above water. (Stealth+)
You have tentacles for arms and can constrict up to eight enemies at once.
Your flesh is heat resistant. (rF+)
You are strong-willed. (Will+)
Your spells are a little harder to cast, but a little more powerful.


Message History

Press: ? - help, Dir - look around, f - activate You feel a surge of power!
A cannonade of hail descends around you!
The hail pelts the eight-headed hydra!!
The eight-headed hydra is almost dead.
The eight-headed hydra is engulfed in blazing flames.
You kill the eight-headed hydra!
Sif Muna accepts your kill.
The fire dragon is engulfed in blazing flames.
The fire dragon bites you! The fire dragon claws you!
The fire dragon tramples you!
You hold your ground!
Xtahua is engulfed in blazing flames.
Xtahua breathes fire at you. The searing blast hits you!!! You resist.
Ouch! That really hurt!
* * * LOW HITPOINT WARNING * * *
The forest fire spreads!
Okay, then.
Unknown command.
Unknown command.
Unknown command.
Unknown command.
Unknown command.
Okay, then.
Okay, then.
Unknown command.
Unknown command.
Really fly into a travel-excluded area?
The fire dragon is engulfed in blazing flames.
The fire dragon barely misses you. The fire dragon claws you.
* * * LOW HITPOINT WARNING * * *
The fire dragon barely misses you.
The forest fire spreads!
Okay, then.
Unknown command.
Unknown command.
Lightning arcs from your tentacles!
The bolt of lightning hits the fire dragon!!!
The fire dragon is almost dead.
The bolt of lightning hits you! You resist.
You die...

.........
♣♣.♣ ..φ# ▓≈
...###...
♣.♣♣♣ .~.#
▓≈ ..##|##..
♣.♣♣§ .~. ▓≈
..#:φ)#..
♣.§§.#§.
..##}##..
#♣♣§§♣§#
...###...
#.♣§§D♣
#♣§§§§♣♣♣♣♣.
#§§D...°~~.~
♣§☼@.†°○.§.
#§§♣§§.§.°°.
#§♣♣§§♣§§§∩∩
#♣ ♣♣♣♣ ♣♣♣♣


You could see Xtahua and a fire dragon (slow).

Vanquished Creatures
  Rupert (D)
  A deep elf blademaster (D)
  Gastronok (D)
  4 azure jellies (D)
  A deep elf demonologist (D)
  A deep elf annihilator (D)
  2 dire elephants (D)
  2 fire dragons (D)
  2 deep elf high priests (D)
  3 hydras (D)
  Erolcha (D)
  4 death yaks (D)
  Urug (D)
  An orc high priest (D)
  A death drake (D)
  A spriggan druid (D)
  A lindwurm (D)
  4 deep elf pyromancers (D)
  4 deep elf zephyrmancers (D)
  An orc sorcerer (D)
  2 black mambas (D)
  2 elephants (D)
  2 cane toads (D)
  A rime drake (D)
  A komodo dragon (D)
  2 tyrant leeches (D)
  3 wandering mushrooms (D)
  8 blink frogs (D)
  A shadow (D)
  2 spriggans (D)
  5 redbacks (D)
  A spatial vortex (D)
  A hydra simulacrum (D)
  2 hell hounds (D)
  An orc warrior (D)
  A swamp drake (D)
  A fire dragon simulacrum (D)
  5 two-headed ogres (D)
  A necrophage (D)
  A water elemental (D)
  An electric eel (D)
  A jelly (D)
  2 orc priests (D)
  A wizard (D)
  5 orc wizards (D)
  A necromancer (D)
  A polar bear simulacrum (D)
  A wolf simulacrum (D)
  3 humans (D)
  A kobold demonologist (D)
  A wolf (D)
  8 orcs (D)
  4 rats (D)
110 creatures vanquished.

Vanquished Creatures (others)
  137 foxfires (D)
137 creatures vanquished.

Grand Total: 247 creatures vanquished

Notes
Turn   | Place    | Note
-------+----------+-------------------------------------------
     0 | D        | Conn the Octopode Fire Elementalist began the quest for the
                  | Orb.
     0 | D        | Reached XP level 1. HP: 11/11 MP: 3/3
    81 | D        | Noticed a wolf
    87 | D        | Killed a wolf
    88 | D        | Reached skill level 3 in Spellcasting
    88 | D        | Reached XP level 2. HP: 7/17 MP: 4/6
    92 | D        | Reached skill level 5 in Fire Magic
    92 | D        | Reached XP level 3. HP: 10/22 MP: 5/8
   110 | D        | Learned a level 2 spell: Scorch
   114 | D        | Learned a level 3 spell: Inner Flame
   169 | D        | Gained mutation: Your spells are a little harder to cast,
                  | but a little more powerful. [potion of mutation]
   169 | D        | Gained mutation: You are strong-willed. (Will+) [potion of
                  | mutation]
   169 | D        | Gained mutation: Your flesh is heat resistant. (rF+)
                  | [potion of mutation]
   174 | D        | Noticed a water elemental
   177 | D        | Killed a water elemental
   178 | D        | Reached skill level 1 in Unarmed Combat
   178 | D        | Reached skill level 4 in Spellcasting
   178 | D        | Reached XP level 4. HP: 27/27 MP: 2/10
   251 | D        | Learned a level 4 spell: Flame Wave
   256 | D        | Found a radiant altar of Vehumet.
   256 | D        | Found a shimmering blue altar of Sif Muna.
   256 | D        | Found an ancient bone altar of Kikubaaqudgha.
   256 | D        | Noticed a wizard
   258 | D        | Killed a wizard
   259 | D        | Reached XP level 5. HP: 32/32 MP: 7/12
   264 | D        | Reached skill level 1 in Fighting
   264 | D        | Reached skill level 5 in Stealth
   264 | D        | Reached skill level 5 in Spellcasting
   270 | D        | Got the Catalogue of Abominable Secrets and Excavation
   272 | D        | Became a worshipper of Sif Muna the Loreminder
   359 | D        | Found a hide-covered altar of Uskayaw.
   359 | D        | Found an iron altar of Okawaru.
   359 | D        | Found a bloodstained altar of Trog.
   359 | D        | Found an ornate altar of the Wu Jian Council.
   359 | D        | Noticed a human
   359 | D        | Noticed a human
   373 | D        | Killed a human
   374 | D        | Reached skill level 6 in Spellcasting
   374 | D        | Reached XP level 6. HP: 8/38 MP: 0/15
   541 | D        | Killed a human
   542 | D        | Reached skill level 7 in Spellcasting
   600 | D        | Found a glowing silver altar of Zin.
   601 | D        | Found a glowing golden altar of the Shining One.
   605 | D        | Noticed a deep elf pyromancer
   607 | D        | Noticed a fire elemental
   607 | D        | Noticed a fire elemental
   610 | D        | Found a white marble altar of Elyvilon.
   612 | D        | Killed a deep elf pyromancer
   612 | D        | Reached * piety under Sif Muna
   613 | D        | Reached skill level 5 in Dodging
   613 | D        | Reached skill level 9 in Spellcasting
   613 | D        | Reached skill level 5 in Conjurations
   613 | D        | Reached skill level 1 in Hexes
   613 | D        | Reached skill level 10 in Fire Magic
   613 | D        | Reached XP level 7. HP: 12/45 MP: 4/20
   745 | D        | Found a basalt altar of Yredelemnul.
   745 | D        | Found a shadowy altar of Dithmenos.
   745 | D        | Found a sacrificial altar of Ru.
   748 | D        | Reached XP level 8. HP: 50/50 MP: 21/21
   788 | D        | Reached ** piety under Sif Muna
   791 | D        | Noticed a shadow
   798 | D        | Killed a shadow
   799 | D        | Reached skill level 10 in Spellcasting
   847 | D        | Found a blossoming altar of Fedhas.
   847 | D        | Found a stormy altar of Qazlal.
   847 | D        | Found a snail-covered altar of Cheibriados.
   847 | D        | Found a burning altar of Makhleb.
   847 | D        | Found a shimmering altar of Xom.
   848 | D        | Found a hazy altar of Hepliaklqana.
   848 | D        | Found an opulent altar of Gozag.
   848 | D        | Found a sparkling altar of Nemelex Xobeh.
   848 | D        | Found a corrupted altar of Lugonu.
   848 | D        | Found a viscous altar of Jiyva.
  1060 | D        | Reached *** piety under Sif Muna
  1202 | D        | Noticed a two-headed ogre
  1230 | D        | Killed a two-headed ogre
  1231 | D        | Reached skill level 11 in Spellcasting
  1296 | D        | Noticed an orc high priest
  1300 | D        | Reached XP level 9. HP: 44/54 MP: 16/24
  1302 | D        | Noticed a smoke demon
  1393 | D        | Killed an orc high priest
  1393 | D        | Reached **** piety under Sif Muna
  1394 | D        | Reached skill level 12 in Spellcasting
  1497 | D        | Reached ***** piety under Sif Muna
  1498 | D        | Received a gift from Sif Muna
  1504 | D        | Got Piaf Lexats's Folio of Blasts {god gift}
  1535 | D        | Learned a level 6 spell: Starburst
  1539 | D        | Learned a level 3 spell: Stone Arrow
  1624 | D        | Found Wethryust's Weapon Boutique.
  1670 | D        | Noticed a deep elf zephyrmancer
  1670 | D        | Noticed a deep elf pyromancer
  1670 | D        | Noticed a deep elf zephyrmancer
  1670 | D        | Noticed a deep elf pyromancer
  1670 | D        | Noticed a deep elf pyromancer
  1679 | D        | Killed a deep elf pyromancer
  1680 | D        | Reached skill level 13 in Spellcasting
  1683 | D        | Killed a deep elf pyromancer
  1684 | D        | Killed a deep elf pyromancer
  1684 | D        | Received a gift from Sif Muna
  1684 | D        | Killed a deep elf zephyrmancer
  1684 | D        | Killed a deep elf zephyrmancer
  1685 | D        | Reached skill level 14 in Spellcasting
  1685 | D        | Reached XP level 10. HP: 47/61 MP: 11/28
  1692 | D        | Learned a level 5 spell: Fireball
  1697 | D        | Noticed a deep elf annihilator
  1698 | D        | Noticed a deep elf zephyrmancer
  1768 | D        | Killed a deep elf zephyrmancer
  1770 | D        | Killed a deep elf annihilator
  1770 | D        | Noticed a deep elf blademaster
  1771 | D        | Reached skill level 15 in Spellcasting
  1771 | D        | Reached skill level 5 in Invocations
  1813 | D        | Noticed a deep elf high priest
  1820 | D        | Killed a deep elf high priest
  1835 | D        | Noticed a deep elf high priest
  1838 | D        | Killed a deep elf high priest
  1839 | D        | Reached skill level 10 in Conjurations
  1839 | D        | Reached XP level 11. HP: 65/65 MP: 16/30
  1891 | D        | Noticed a deep elf zephyrmancer
  1891 | D        | Noticed a deep elf demonologist
  1945 | D        | Killed a deep elf demonologist
  1945 | D        | Received a gift from Sif Muna
  1946 | D        | Reached skill level 16 in Spellcasting
  1949 | D        | Got Sif Muna's Dissertation on Blows {god gift}
  1956 | D        | Learned a level 5 spell: Iskenderun's Battlesphere
  2038 | D        | Identified the ring of Linearity {Wiz Str+3 SInv Stlth+}
  2052 | D        | Killed a deep elf blademaster
  2180 | D        | Killed a deep elf zephyrmancer
  2292 | D        | Learned a level 7 spell: Orb of Destruction
  2305 | D        | Got the Reference Book on Evolving Wounds
  2308 | D        | Identified the ring of Fofinn {Fly rElec rCorr Stlth+}
  2308 | D        | Identified the ring of Hulats {rN+ Str+6 Slay+3}
  2316 | D        | Identified the staff "Qydisec" {rF+ rN+ Necro}
  2370 | D        | Learned a level 3 spell: Mephitic Cloud
  2409 | D        | Noticed Erolcha
  2415 | D        | Killed Erolcha
  2415 | D        | Received a gift from Sif Muna
  2416 | D        | Reached skill level 17 in Spellcasting
  2417 | D        | Noticed an orc sorcerer
  2420 | D        | Killed an orc sorcerer
  2421 | D        | Reached skill level 5 in Hexes
  2425 | D        | Got Sif Muna's Vellum of Floating Hexes {god gift}
  2756 | D        | Noticed a lindwurm
  2758 | D        | Killed a lindwurm
  2758 | D        | Received a gift from Sif Muna
  2811 | D        | Learned a level 6 spell: Plasma Beam
  2820 | D        | Reached XP level 12. HP: 58/72 MP: 24/33
  2822 | D        | Reached skill level 15 in Fire Magic
  2919 | D        | Reached ****** piety under Sif Muna
  2920 | D        | Reached skill level 1 in Ice Magic
  2920 | D        | Reached skill level 1 in Air Magic
  2926 | D        | Received a gift from Sif Muna
  2927 | D        | Got Sif Muna's Incunabulum of the Volcano and the Fairies
                  | {god gift}
  3060 | D        | Noticed a dire elephant
  3060 | D        | Noticed a dire elephant
  3069 | D        | Killed a dire elephant
  3070 | D        | Reached skill level 18 in Spellcasting
  3070 | D        | Reached skill level 1 in Poison Magic
  3078 | D        | Killed a dire elephant
  3092 | D        | Noticed Gastronok
  3234 | D        | Noticed an eight-headed hydra
  3238 | D        | Killed an eight-headed hydra
  3238 | D        | Received a gift from Sif Muna
  3239 | D        | Reached skill level 10 in Invocations
  3239 | D        | Got Iqelua's Tractate on the Glacier and Pollution {god
                  | gift}
  3239 | D        | Noticed a six-headed hydra
  3245 | D        | Killed a six-headed hydra
  3357 | D        | Got Fosick's Opusculum on Amalgamated Wanderlust
  3454 | D        | Received a gift from Sif Muna
  3455 | D        | Got Sif Muna's Almanac of the Tundras {god gift}
  3639 | D        | Noticed Urug
  3653 | D        | Killed Gastronok
  3654 | D        | Reached skill level 5 in Ice Magic
  3830 | D        | Noticed an azure jelly
  3831 | D        | Noticed an azure jelly
  3831 | D        | Noticed an azure jelly
  3833 | D        | Noticed an azure jelly
  3836 | D        | Noticed Rupert
  3847 | D        | Killed Rupert
  3847 | D        | Received a gift from Sif Muna
  3848 | D        | Reached skill level 5 in Air Magic
  3992 | D        | Noticed a death yak
  3993 | D        | Noticed a death yak
  3994 | D        | Noticed a death yak
  3995 | D        | Noticed a death yak
  3999 | D        | Killed a death yak
  4000 | D        | Reached skill level 1 in Evocations
  4000 | D        | Killed a death yak
  4000 | D        | Killed a death yak
  4001 | D        | Reached XP level 13. HP: 79/79 MP: 7/35
  4007 | D        | Reached skill level 19 in Spellcasting
  4144 | D        | Learned a level 5 spell: Metabolic Englaciation
  4219 | D        | Killed an azure jelly
  4219 | D        | Received a gift from Sif Muna
  4219 | D        | Killed an azure jelly
  4221 | D        | Killed an azure jelly
  4224 | D        | Got Jowkuiri's Almanac of the Charnel Impact {god gift}
  4268 | D        | Killed an azure jelly
  4394 | D        | Noticed an azure jelly
  4456 | D        | Killed Urug
  4550 | D        | Reached skill level 15 in Conjurations
  4792 | D        | Found a blossoming altar of Fedhas.
  4923 | D        | Noticed a fire dragon
  4924 | D        | Noticed a fire dragon
  4937 | D        | Received a gift from Sif Muna
  4938 | D        | Got Sif Muna's Parchment of Wounds {god gift}
  4947 | D        | Killed a fire dragon
  4954 | D        | Killed a fire dragon
  5056 | D        | Learned a level 3 spell: Hailstorm
  5058 | D        | Noticed a fire dragon
  5182 | D        | Found Voero's Antique Armour Shoppe.
  5182 | D        | Found Qucroel's Jewellery Boutique.
  5182 | D        | Found Yhiaz's Magic Scroll Emporium.
  5196 | D        | Noticed Xtahua
  5204 | D        | HP: 2/79 [fire dragon (3)]
  5205 | D        | Killed by arc of chain lightning

Illustrated notes

Levels and vault maps discovered:
D:        dungeon_sprint_mu [sprint_mu_entry_cave, sprint_mu_temple_rooms,
          sprint_mu_d1_spiders, sprint_mu_d2_genie, sprint_mu_d3_branching,
          sprint_mu_orc_legion, sprint_mu_elf_gauntlet, sprint_mu_hive_nellie,
          sprint_mu_lair_fedhas, sprint_mu_vaults_butterflies,
          sprint_mu_slime_circle, sprint_mu_swamp_cave, sprint_mu_shoals_archi,
          sprint_mu_blade_basic, sprint_mu_crypt_fortress,
          sprint_mu_tomb_spiral, sprint_mu_vestibule_basic,
          sprint_mu_gehenna_hellfire, sprint_mu_dis_giant,
          sprint_mu_tartarus_statrot, sprint_mu_cocytus_islands, sprint_mu_zot1]

Skill      XL: |  1  2  3  4  5  6  7  8  9 10 11 12 13 |
---------------+----------------------------------------+-----
Dodging        | 3 4 5 6 |  6.1
Stealth        | 3 4 5 6 |  6.6
Spellcasting   | 3 4 6 9 11 14 15 17 18 19 | 19.7
Fire Magic     | 4 5 6 8 10 11 12 13 14 16 17 | 17.5
Unarmed Combat | 1 2 3 |  3.5
Fighting       | 1 2 3 |  3.7
Conjurations   | 3 5 7 9 10 12 13 15 | 15.4
Hexes          | 1 2 3 4 5 |  5.6
Invocations    | 4 6 9 11 12 | 12.8
Ice Magic      | 5 |  5.6
Air Magic      | 5 6 |  6.4
Poison Magic   | 2 |  2.2
Evocations     | 1 |  1.9
Short Blades   | |  0.8

Action                     |  1- 3 |  4- 6 |  7- 9 | 10-12 | 13-15 || total
---------------------------+-------+-------+-------+-------+-------++-------
  Melee: Unarmed           |    11 |     1 |       |       |       ||    12
         Constrict         |     3 |     1 |     1 |     1 |       ||     6
         Tentacles         |     3 |     1 |     1 |     1 |     1 ||     7
         Dagger            |       |       |     2 |       |       ||     2
         Staff             |       |       |       |     5 |     3 ||     8
   Cast: Foxfire           |     3 |    10 |    37 |    26 |     4 ||    80
         Scorch            |     3 |     8 |    19 |    30 |       ||    60
         Inner Flame       |       |     2 |    10 |     9 |       ||    21
         Flame Wave        |       |     2 |     7 |     6 |       ||    15
         Fireball          |       |       |       |    36 |     4 ||    40
         Starburst         |       |       |       |    15 |    12 ||    27
         Mephitic Cloud    |       |       |       |     9 |     3 ||    12
         Iskenderun's Batt |       |       |       |     1 |     1 ||     2
         Orb of Destructio |       |       |       |     4 |       ||     4
         Plasma Beam       |       |       |       |     1 |     9 ||    10
         Hailstorm         |       |       |       |       |     6 ||     6
         Metabolic Englaci |       |       |       |       |     1 ||     1
 Invoke: Channel Magic     |       |       |       |     2 |     1 ||     3
  Evoke: Lightning rod     |       |       |       |     3 |       ||     3
    Use: Potion            |     2 |     3 |       |     1 |       ||     6
         Scroll            |       |     3 |       |     2 |     3 ||     8
   Stab: Sleeping          |       |       |     1 |       |       ||     1
 Armour: Skin              |     1 |     4 |       |       |       ||     5
  Dodge: Dodged            |     4 |     5 |     6 |     9 |     4 ||    28

Table legend: (Time is in decaauts)
 A = Elapsed time spent in this place.
 B = Non-inter-level travel time spent in this place.
 C = Inter-level travel time spent in this place.
 D = Time resting spent in this place.
 E = Time spent auto-exploring this place.
 F = Levels seen in this place.
 G = Mean time per level.
                   A        B        C        D        E       F      G
               +--------+--------+--------+--------+--------+-----+--------+
         Total |   5189 |   5189 |      0 |   3364 |      7 |   1 | 5189.0 |
       Dungeon |   5189 |   5189 |      0 |   3364 |      7 |   1 | 5189.0 |
               +--------+--------+--------+--------+--------+-----+--------+

Top non-repeatable levels by time:
       D: 5189 daAuts
